 Dungeon Crawl Stone Soup version 0.30-a0-40-gc6d0f036a7 (webtiles) character file.

Game seed: 15826708908672949752

1154 Juicyj the Reanimator (level 8, -10/52 HPs)
             Began as a Demonspawn Necromancer on Aug 29, 2022.
             Shot with an arrow by something (11 damage)
             ... on level 6 of the Dungeon.
             The game lasted 00:16:28 (6084 turns).

Juicyj the Reanimator (Demonspawn Necromancer)      Turns: 6084, Time: 00:16:28

Health: -10/52     AC:  2    Str:  8    XL:     8   Next: 16%
Magic:  17/17      EV: 12    Int: 24    God:
Gold:   279        SH:  4    Dex: 17    Spells: 9/20 levels left

rFire   . . .      SeeInvis .    g - +1 dagger (protect)
rCold   . . .      Faith    .    (no shield)
rNeg    . . .      Spirit   .    a - +0 robe
rPois   .          Reflect  .    (helmet restricted)
rElec   .          Harm     .    (no cloak)
rCorr   +          Rampage  .    (no gloves)
Will    .....                    (no boots)
Stlth   ++........               (no amulet)
HPRegen 0.17/turn                e - +6 ring of intelligence
MPRegen 0.15/turn                i - ring of resist corrosion

@: no status effects
A: horns 2, demonic guardian 1, condensation shield, demonic touch 2, agile 1,
MP-powered wands
a: no special abilities


You were on level 6 of the Dungeon.
You visited 1 branch of the dungeon, and saw 6 of its levels.

You collected 279 gold pieces.

Inventory:

Hand Weapons
 d - a +0 club
 g - a +1 dagger of protection (weapon)
Armour
 a - a +0 robe (worn)
Jewellery
 e - a +6 ring of intelligence (left hand)
 i - a ring of resist corrosion (right hand)
 j - a ring of protection from cold
Scrolls
 b - a scroll of torment
 f - a scroll of immolation {unknown}
 h - 6 scrolls of teleportation
 k - 2 scrolls of magic mapping
 m - a scroll of butterflies
Potions
 c - 2 potions of brilliance
 n - a potion of attraction


   Skills:
 + Level 0.2 Fighting
 + Level 2.2 Dodging
 + Level 2.9 Stealth
 + Level 6.5 Spellcasting
 + Level 0.1 Summonings
 + Level 8.1 Necromancy


You had 9 spell levels left.
You knew the following spells:

 Your Spells              Type           Power      Damage    Failure   Level
a - Necrotise             Necr           100%       1d9       1%          1
b - Vampiric Draining     Necr           46%        2d9       1%          3
c - Animate Dead          Necr           46%        N/A       2%          4
d - Call Canine Familiar  Summ           8%         N/A       22%         3

Your spell library contained the following spells:

 Spells                   Type           Power      Damage    Failure   Level
 Dispel Undead            Necr           46%        3d18      2%          4
 Agony                    Necr           46%        N/A       8%          5
 Static Discharge         Conj/Air       14%        3-4/arc   12%         2
 Gell's Gravitas          Tloc           7%         N/A       22%         3
 Lesser Beckoning         Tloc           7%         N/A       22%         3
 Portal Projectile        Hex/Tloc       14%        N/A       22%         3
 Teleport Other           Tloc           7%         N/A       22%         3
 Fulminant Prism          Conj/Hex       3%         3d6       58%         4
 Iskenderun's Mystic Bla  Conj/Tloc      7%         2d4       58%         4
 Leda's Liquefaction      Hex/Erth       3%         N/A       58%         4
 Sticky Flame             Conj/Fire      7%         2d3       58%         4
 Lee's Rapid Deconstruct  Erth           3%         3d6*      91%         5
 Statue Form              Tmut/Erth      4%         N/A       100%        6


Dungeon Overview and Level Annotations

Branches:
Dungeon (6/15)             Temple (0/1) D:6

Altars:

Shops:
D:1 =!((   D:3 (


Innate Abilities, Weirdness & Mutations

You have a pair of horns on your head.
A weak demonic guardian rushes to your aid.
A meltable shield of frost defends you. (SH +4)
Your touch may inflict irresistible damage on your foes.
You are agile. (Dex +4, Str/Int -1)
You expend magic power (3 MP) to strengthen your wands.


Message History

An arrow appears from out of thin air!
The arrow hits you!
You hear a twanging sound.
An arrow appears from out of thin air!
The arrow hits you!
You hear a twanging sound.
An arrow appears from out of thin air!
The arrow hits you!
* * * LOW HITPOINT WARNING * * *
A demonic guardian appears!
You swap places.
You hear a twanging sound.
An arrow appears from out of thin air!
The arrow hits your iron imp.
You hear a twanging sound.
An arrow appears from out of thin air!
The arrow hits your iron imp.
You hear a twanging sound.
An arrow appears from out of thin air!
The arrow hits your iron imp!
Your iron imp dies!
Your iron imp disappears in a puff of smoke!
There is an open door here.
You close the door.
Something unseen opens the door.
You hear a twanging sound.
An arrow appears from out of thin air!
You block the arrow.
You hear a shout!
You feel better.
You hear a twanging sound.
An arrow appears from out of thin air!
The arrow hits you!
* * * LOW HITPOINT WARNING * * *
A demonic guardian appears!
You hear a twanging sound.
An arrow appears from out of thin air!
The arrow hits you!
* * * LOW HITPOINT WARNING * * *
You hear a twanging sound.
An arrow appears from out of thin air!
The arrow hits you but does no damage.
You swap places.
You hear a twanging sound.
An arrow appears from out of thin air!
The arrow hits your white imp!
Your white imp dies!
Your white imp disappears in a puff of smoke!
You hear a twanging sound.
An arrow appears from out of thin air!
The arrow hits you!
You die...

........#.####..#..........#,**,,
#######.#.####..####.......#,****
#....#.#.##....# #.......#,,,,,
#.##.#.#.#...### #.......#*****
##....#.#.#...######.......# *
...#..#.#.#...#............# *
##.####.#.#...#.#####......# *
#.#....#.#..(#.######'###.######
#.#.#..#.##....@.ยง....##........
#.#.#..#.#####.#########........
##...#..........### #.........
.#####.##.##......# #.........
.'..>.....##......# #.........
.#####.##.........# #.........
........+.....###### #.........
.......##.....##<..# #.........
#########.######...# ####......


There were no monsters in sight!

Vanquished Creatures
  A black bear (D:5)
  An ice beast (D:6)
  An ogre (D:4)
  A phantom (D:5)
  A scorpion (D:4)
  7 orc priests
  3 hounds
  3 iguanas
  3 orc wizards
  8 adders
  11 gnolls
  2 ufetubi (D:4)
  12 orcs
  6 bats
  8 endoplasms
  2 giant cockroaches
  11 goblins
  5 hobgoblins
  3 jackals (D:3)
  6 kobolds
  2 quokkas (D:1)
  7 ball pythons
  4 rats
108 creatures vanquished.

Vanquished Creatures (collateral kills)
  An iguana (D:4)
  A bat (D:1)
  2 endoplasms
  A goblin (D:3)
  A hobgoblin (D:4)
  A ball python (D:3)
  A rat (D:1)
8 creatures vanquished.

Vanquished Creatures (others)
  35 plants (D:6)
35 creatures vanquished.

Grand Total: 151 creatures vanquished

Notes
Turn   | Place    | Note
-------+----------+-------------------------------------------
     0 | D:1      | Juicyj the Demonspawn Necromancer began the quest for the
                  | Orb.
     0 | D:1      | Reached XP level 1. HP: 13/13 MP: 3/3
    54 | D:1      | Found a faded altar of an unknown god.
   161 | D:1      | Found Koke's Distillery.
   207 | D:1      | Gained mutation: A weak demonic guardian rushes to your
                  | aid. [demonic ancestry]
   207 | D:1      | Reached XP level 2. HP: 17/19 MP: 3/5
   212 | D:1      | Found Geusushru's Jewellery Shoppe.
   442 | D:1      | Found Jeliugin's Antique Weapon Shop.
   686 | D:1      | Reached skill level 5 in Necromancy
   740 | D:1      | Gained mutation: You are agile. (Dex +4, Str/Int -1)
                  | [potion of mutation]
   740 | D:1      | Gained mutation: You expend magic power (3 MP) to
                  | strengthen your wands. [potion of mutation]
   807 | D:1      | Found Ynwapt's Antique Weapon Boutique.
   977 | D:2      | Discovered your monstrous ancestry.
   977 | D:2      | Gained mutation: You have a pair of small horns on your
                  | head. [demonic ancestry]
   977 | D:2      | Reached XP level 3. HP: 24/24 MP: 3/6
   987 | D:2      | Learned a level 3 spell: Vampiric Draining
  1303 | D:2      | Gained mutation: Your touch may inflict minor irresistible
                  | damage on your foes. [demonic ancestry]
  1303 | D:2      | Reached XP level 4. HP: 30/30 MP: 1/8
  1881 | D:3      | Found Kagoliaph's Antique Weapon Boutique.
  1910 | D:3      | Gained mutation: You have a pair of horns on your head.
                  | [demonic ancestry]
  1910 | D:3      | Reached XP level 5. HP: 35/35 MP: 7/10
  2082 | D:3      | Learned a level 4 spell: Animate Dead
  2185 | D:3      | Learned a level 3 spell: Call Canine Familiar
  2744 | D:4      | Reached skill level 6 in Necromancy
  2744 | D:4      | Gained mutation: A meltable shield of frost defends you.
                  | (SH +4) [demonic ancestry]
  2744 | D:4      | Reached XP level 6. HP: 26/41 MP: 7/12
  3268 | D:4      | Reached skill level 5 in Spellcasting
  3542 | D:4      | Reached XP level 7. HP: 46/46 MP: 10/14
  3973 | D:5      | Entered Level 5 of the Dungeon
  3988 | D:5      | Reached skill level 7 in Necromancy
  5412 | D:5      | Gained mutation: Your touch may inflict irresistible damage
                  | on your foes. [demonic ancestry]
  5412 | D:5      | Reached XP level 8. HP: 52/52 MP: 12/17
  5594 | D:6      | Reached skill level 8 in Necromancy
  6082 | D:6      | HP: 1/52 [something (9)]
  6084 | D:6      | Shot with an arrow by something

Illustrated notes

Levels and vault maps discovered:
D:1:      minmay_arrival_checkered_box, layout_basic,
          hellmonk_ecumenical_altar_arch_garden, serial_shops,
          nicolae_shop_trees, shop_statue, nicolae_shop_crystal, shop,
          minmay_misc_feat_nine_boxes, minmay_pentomino_u2
D:2:      layout_basic
D:3:      layout_rooms, serial_shops, shop
D:4:      layout_loops_cross
D:5:      nicolae_cairo_tiling_large, layout_loops_ring
D:6:      layout_basic, minmay_temple_entry_overgrown, serial_bayou_lagoon_a,
          minmay_unpleasant_kobolds

Skill      XL: |  1  2  3  4  5  6  7  8 |
---------------+-------------------------+-----
Stealth        | 2 |  2.9
Necromancy     | 5 6 7 8 |  8.1
Spellcasting   | 3 4 5 6 |  6.5
Dodging        | 2 |  2.2
Fighting       | |  0.2
Summonings     | |  0.1

Action                   |  1- 3 |  4- 6 |  7- 9 || total
-------------------------+-------+-------+-------++-------
Melee: Unarmed           |     5 |       |       ||     5
       Dagger            |       |     1 |     7 ||     8
       Touch             |       |       |     3 ||     3
 Cast: Necrotise         |    56 |   111 |    88 ||   255
       Call Canine Famil |       |     1 |     1 ||     2
  Use: Potion            |     2 |     1 |     4 ||     7
       Scroll            |     2 |    10 |     6 ||    18
 Stab: Sleeping          |       |     1 |     3 ||     4
Armor: Robe              |     4 |     2 |     5 ||    11
Dodge: Dodged            |    10 |    18 |    18 ||    46
Block: Other             |       |       |     3 ||     3

Table legend: (Time is in decaauts)
 A = Elapsed time spent in this place.
 B = Non-inter-level travel time spent in this place.
 C = Inter-level travel time spent in this place.
 D = Time resting spent in this place.
 E = Time spent auto-exploring this place.
 F = Levels seen in this place.
 G = Mean time per level.
                   A        B        C        D        E       F      G
               +--------+--------+--------+--------+--------+-----+--------+
         Total |   6096 |   5981 |    115 |    706 |   4408 |   6 | 1016.0 |
       Dungeon |   6096 |   5981 |    115 |    706 |   4408 |   6 | 1016.0 |
               +--------+--------+--------+--------+--------+-----+--------+

Top non-repeatable levels by time:
     D:4: 1480 daAuts
     D:5: 1335 daAuts
     D:3: 986 daAuts
     D:1: 964 daAuts
     D:2: 786 daAuts
     D:6: 543 daAuts
